 Dungeon Crawl Stone Soup version 0.21.0-37-g46506fa (webtiles) character file.

1695 daodarkstar the Chopper (level 8, 0/64 HPs)
             Began as a Demonspawn Fighter on Jan 31, 2018.
             Was a Follower of Qazlal.
             Slain by a killer bee (3 damage)
             ... on level 7 of the Dungeon.
             The game lasted 00:11:28 (6302 turns).

daodarkstar the Chopper (Demonspawn Fighter)        Turns: 6302, Time: 00:11:28

Health: 0/64       AC: 10    Str: 17    XL:     8   Next: 72%
Magic:  10/10      EV:  9    Int:  9    God:    Qazlal [*.....]
Gold:   265        SH: 11    Dex: 15    Spells: 7/7 levels left

rFire    . . .     SeeInvis .   a - +1 war axe
rCold    + . .     Gourm    .   c - +0 shield
rNeg     . . .     Faith    .   b - +0 scale mail
rPois    +         Spirit   .   r - +2 helmet
rElec    .         Reflect  .   (no cloak)
rCorr    .         Harm     .   (no gloves)
MR       .....                  (no boots)
Stlth    ..........             (no amulet)
HPRegen  0.20/turn              (no ring)
MPRegen  0.12/turn              o - ring of poison resistance

@: berserk cooldown, slowed, very slow
A: claws 2, cold resistance 1, freezing cloud immunity
a: Renounce Religion


You were on level 7 of the Dungeon.
You worshipped Qazlal.
Qazlal was aware of your devotion.
You were hungry.

You visited 2 branches of the dungeon, and saw 8 of its levels.

You collected 331 gold pieces.
You spent 66 gold pieces at shops.

Inventory:

Hand Weapons
 a - a +1 war axe (weapon)
 v - a +0 short sword of flaming
Armour
 b - a +0 scale mail (worn)
 c - a +0 shield (worn)
 r - a +2 helmet (worn)
Jewellery
 o - a ring of poison resistance (right claw)
Wands
 s - a wand of flame (17)
Scrolls
 d - a scroll of remove curse
 h - a scroll of enchant armour
 i - 2 scrolls of fog
 k - a scroll of amnesia
 l - a scroll of enchant weapon
 n - 3 scrolls of teleportation
 p - 3 scrolls of identify
Potions
 e - a potion of ambrosia
 g - 2 potions of mutation {unknown}
 m - a potion of might
 q - a potion of invisibility
 t - 2 potions of flight
Comestibles
 f - 12 rations


   Skills:
 + Level 5.8 Fighting
 * Level 6.0 Axes
 + Level 5.2 Armour
 + Level 4.3 Dodging
 - Level 2.6 Shields
 + Level 3.9 Invocations


You had 7 spell levels left.
You didn't know any spells.

Dungeon Overview and Level Annotations

Branches:
Dungeon (7/15)             Temple (1/1) D:4

Altars:
Dithmenos
Elyvilon
Gozag
Hepliaklqana
Kikubaaqudgha
Makhleb
Qazlal
Sif Muna
Vehumet
Xom
The Shining One

Shops:
D:7 *

Annotations:
D:6 2 transporters


Innate Abilities, Weirdness & Mutations

You have very sharp fingernails.
Your flesh is cold resistant. (rC+)
You are immune to freezing clouds.


Message History

You are no longer berserk.
You are exhausted.
You feel yourself slow down.
The killer bee stings you but does no damage.
You block the killer bee's attack.
Your scale mail prevents you from hitting the killer bee.
You block the killer bee's attack. x3; The killer bee stings you.
* * * LOW HITPOINT WARNING * * *
Your shield prevents you from hitting the killer bee.
You block the killer bee's attack.
The killer bee stings you but does no damage.
The killer bee stings you!
* * * LOW HITPOINT WARNING * * *
The killer bee barely misses you.
Your shield and scale mail prevent you from hitting the killer bee.
You are feeling hungry.
The killer bee closely misses you.
The killer bee stings you but does no damage.
You block the killer bee's attack. The killer bee stings you.
You die...

#.# ## #.#
....#####.#
#....(#.# #@#.#
#. #y#.# #.
##h#.###.#.# #.
####..........#
####.##
#...........#.#
.....#
##.##...######
#..###...##.##
#.........#.#
##.###....#..


You could see a black bear and a killer bee.

Vanquished Creatures
  The ghost of Wehk the Ruffian, an amateur OgTm of Ru (D:4)
  Eustachio (D:6)
  A sky beast (D:7)
  A phantom (D:7)
  An ogre (D:7)
  A bullfrog (D:6)
  A scorpion (D:4)
  3 killer bees (D:7)
  A crimson imp (D:5)
  A centaur zombie (D:5)
  A howler monkey (D:5)
  2 hounds
  2 jellies (D:5)
  4 orc wizards
  2 orc priests
  A bullfrog skeleton (D:4)
  An iguana (D:3)
  4 worker ants
  A hound skeleton (D:4)
  10 gnolls
  10 adders
  An ooze (D:4)
  4 adder skeletons
  2 worms
  A dart slug (D:2)
  3 leopard geckos
  29 orcs
  A ball python (D:2)
  3 giant cockroaches
  3 goblins
  11 hobgoblins
  6 jackals
  2 quokkas
  3 bats
  3 frilled lizards
  A jackal zombie (D:7)
  15 kobolds
  A quokka skeleton (D:7)
  7 rats
146 creatures vanquished.

Notes
Turn   | Place    | Note
-------+----------+-------------------------------------------
     0 | D:1      | daodarkstar the Demonspawn Fighter began the quest for the Orb.
     0 | D:1      | Reached XP level 1. HP: 18/18 MP: 1/1
   135 | D:1      | Reached skill level 2 in Axes
   141 | D:1      | Gained mutation: You have sharp fingernails. [demonic ancestry]
   141 | D:1      | Reached XP level 2. HP: 21/24 MP: 2/2
   554 | D:2      | Reached skill level 1 in Dodging
   554 | D:2      | Reached XP level 3. HP: 29/29 MP: 3/3
   835 | D:2      | Found an opulent altar of Gozag.
  1552 | D:3      | Gained mutation: Your flesh is cold resistant. (rC+) [demonic ancestry]
  1552 | D:3      | Reached XP level 4. HP: 9/36 MP: 4/4
  2050 | D:3      | Gained mutation: You have very sharp fingernails. [demonic ancestry]
  2050 | D:3      | Reached XP level 5. HP: 37/42 MP: 5/5
  2258 | D:3      | Found a glowing golden altar of the Shining One.
  2387 | D:3      | Reached skill level 3 in Axes
  2920 | D:4      | Reached XP level 6. HP: 46/48 MP: 6/6
  3457 | D:4      | Found a staircase to the Ecumenical Temple.
  3576 | Temple   | Entered the Ecumenical Temple
  3601 | Temple   | Became a worshipper of Qazlal Stormbringer
  3636 | D:4      | Noticed Wehk's ghost (amateur OgTm)
  3652 | D:4      | Killed Wehk's ghost
  3652 | D:4      | Reached skill level 4 in Axes
  3652 | D:4      | Gained mutation: You are immune to freezing clouds. [demonic ancestry]
  3652 | D:4      | Reached XP level 7. HP: 55/55 MP: 7/7
  3997 | D:5      | Entered Level 5 of the Dungeon
  4107 | D:5      | Reached skill level 1 in Invocations
  4309 | D:5      | Reached skill level 5 in Fighting
  4729 | D:6      | Found a transporter.
  4757 | D:6      | Found a transporter.
  4773 | D:6      | Reached * piety under Qazlal
  4791 | D:6      | Reached skill level 5 in Axes
  4791 | D:6      | Reached XP level 8. HP: 25/62 MP: 9/9
  5091 | D:6      | Noticed Eustachio
  5129 | D:6      | Killed Eustachio
  5628 | D:7      | Reached skill level 5 in Armour
  5953 | D:7      | Found Orchusmuta's General Store.
  5997 | D:7      | Bought 2 scrolls of remove curse for 66 gold pieces
  6263 | D:7      | Reached skill level 6 in Axes
  6301 | D:7      | HP: 3/64 [killer bee (8)]
  6302 | D:7      | Slain by a killer bee

Skill      XL: |  1  2  3  4  5  6  7  8 |
---------------+-------------------------+-----
Axes           | 2 3 4 5 6 |  6.0
Armour         | 3 4 5 |  5.2
Dodging        | 1 2 3 4 |  4.3
Fighting       | 4 5 |  5.8
Invocations    | 2 3 |  3.9
Shields        | |  2.6

Action                   |  1- 3 |  4- 6 |  7- 9 || total
-------------------------+-------+-------+-------++-------
Melee: War axe           |   107 |   207 |   286 ||   600
  Use: Potion            |     1 |     2 |     3 ||     6
       Scroll            |       |    13 |     3 ||    16
  Eat: Chunk             |     2 |     7 |     9 ||    18
Armor: Scale mail        |    49 |    93 |   145 ||   287
Dodge: Dodged            |    34 |    83 |    90 ||   207
Block: Shield            |    50 |   137 |   176 ||   363
